 Dungeon Crawl Stone Soup version 0.31.0-12-g77e489cdc1 (webtiles) character file.

Game seed: 18041838864420348710

65 lordive the Slasher (level 3, -2/33 HPs)
             Began as a Minotaur Monk on Feb 29, 2024.
             Slain by an orc priest
             ... wielding a +0 flail
              (6 damage)
             ... on level 3 of the Dungeon.
             The game lasted 00:02:02 (1258 turns).

lordive the Slasher (Minotaur Monk)                 Turns: 1258, Time: 00:02:03

Health: -2/33      AC:  8    Str: 15    XL:     3   Next: 92%
Magic:  2/2        EV:  8    Int:  7    God:
Gold:   108        SH:  0    Dex: 14    Spells: 2/2 levels left

rFire   . . .        a - +0 falchion
rCold   . . .        (no shield)
rNeg    . . .        f - +0 chain mail
rPois   .            (helmet restricted)
rElec   .            (no cloak)
rCorr   .            (no gloves)
SInv    .            (no boots)
Will    .....        (no amulet) Stlth
                     (no ring)
HPRegen 0.25/turn    (no ring)
MPRegen 0.08/turn

%: no passive effects
@: no status effects
A: horns 2, retaliatory headbutt
a: no special abilities


You were on level 3 of the Dungeon.
You visited 1 branch of the dungeon, and saw 3 of its levels.

You collected 108 gold pieces.

Inventory:

Hand Weapons
 a - a +0 falchion (weapon)
Armour
 e - a +0 kite shield
 f - a +0 chain mail (worn)
Jewellery
 d - a ring of magical power
Potions
 b - a potion of curing {unknown}
 c - a potion of ambrosia
 g - a potion of attraction {unknown}


   Skills:
 + Level 4.2 Fighting
 + Level 4.6 Long Blades
 + Level 1.4 Armour
 + Level 3.8 Dodging


You had 2 spell levels left.
You didn't know any spells.
Your spell library contained the following spells:

 Spells                   Type           Power      Damage    Failure   Level
 Lesser Beckoning         Tloc           0%         N/A       100%        2
 Gell's Gravitas          Tloc           0%         N/A       100%        3
 Teleport Other           Tloc           0%         N/A       100%        3


Dungeon Overview and Level Annotations

Branches:
Dungeon (3/15)

Altars:
Qazlal


Innate Abilities, Weirdness & Mutations

You have a pair of horns on your head.
You reflexively headbutt those who attack you in melee.


Message History

You kill the frilled lizard!
No target in view!
No target in view!
As you open the door, it creaks loudly!
Found a spear.
Found a dagger.
A giant cockroach comes into view.
A giant cockroach is nearby!
A giant cockroach is nearby!
An orc priest comes into view. It is wielding a +0 flail.
The orc priest shouts!
You hear a shout!
You hit the giant cockroach.
The giant cockroach is moderately wounded.
The giant cockroach bites you but does no damage.
The orc priest begins to cast a cantrip, but forgets the words!
An orc comes into view. It is wielding a +0 club.
You hit the giant cockroach but do no damage.
You headbutt the giant cockroach.
You kill the giant cockroach!
You hit the orc priest. Your headbutt misses the orc priest.
You punch the orc priest, but do no damage.
The orc priest is lightly wounded.
An orc priest comes into view. It is wielding a +0 mace.
The orc priest hits you with a +0 flail.
An orc comes into view. It is wielding a +0 short sword.
The orc hits you but does no damage.
The orc priest shouts!
The orc shouts!
You hit the orc priest.
You headbutt the orc priest, but do no damage.
The orc priest is lightly wounded.
The orc priest mumbles some strange prayers to Beogh against you.
Beogh smites you! The orc hits you but does no damage.
The orc priest hits you with a +0 flail!
* * * LOW HITPOINT WARNING * * *
You hit the orc priest.
The orc priest is heavily wounded.
The orc hits you with a +0 club.
* * * LOW HITPOINT WARNING * * *
The orc priest hits you with a +0 flail.
You die...

... .....
.....###########
........)......#
...............#
#.............###.
#.................
##.........@o......
#.......###.o....o.
#.......# #.....o..
#.......# #........
#+####.......#
#########
#..........)##
#...........#
#...........#
#...........+


You could see 2 orc priests and 2 orcs.

Vanquished Creatures
  Robin (D:3)
  An adder (D:3)
  2 endoplasms
  A giant cockroach (D:3)
  10 goblins
  5 hobgoblins
  2 jackals (D:1)
  2 quokkas (D:1)
  3 ball pythons
  5 bats (D:1)
  A frilled lizard (D:3)
  4 kobolds
  3 rats
40 creatures vanquished.

Notes
Turn   | Place    | Note
-------+----------+-------------------------------------------
     0 | D:1      | lordive the Minotaur Monk began the quest for the Orb.
     0 | D:1      | Reached XP level 1. HP: 19/19 MP: 0/0
   323 | D:1      | Reached XP level 2. HP: 18/27 MP: 1/1
   905 | D:3      | Reached XP level 3. HP: 26/33 MP: 2/2
   959 | D:3      | Noticed Robin
  1054 | D:2      | Reached skill level 1 in Armour
  1104 | D:3      | Killed Robin
  1224 | D:3      | Found a stormy altar of Qazlal.
  1258 | D:3      | Slain by an orc priest

Illustrated notes

Levels and vault maps discovered:
D:1:      erik_arrival_triangle_small, layout_loops_ring
D:2:      layout_loops_ring, shapermc_ecumenical_altar_totnotflames,
          lemuel_flame_loot_1
D:3:      layout_basic, overflow_temple_1_default,
          mainiacjoe_overflow_divided_tiny, uniq_robin

Skill      XL: |  1  2  3 |
---------------+----------+-----
Fighting       | 4 |  4.2
Long Blades    | 4 |  4.6
Armour         | 1 |  1.4
Dodging        | |  3.8

Action                     || total
---------------------------++-------
  Melee: Falchion          ||    86
         Headbutt          ||    17
         Punch             ||     1
   Stab: Sleeping          ||     1
 Armour: Chain mail        ||   107
  Dodge: Dodged            ||    50
